 Dungeon Crawl Stone Soup version 0.25-a0-700-g7f8a797 (webtiles) character file.

Game seed: 3433239949885288368, levelgen mode: deterministic

1151 robertstho the Spear-Bearer (level 8, -4/64 HPs)
             Began as a Merfolk Berserker on Apr 2, 2020.
             Was a Priest of Trog.
             Slain by a wyvern zombie (7 damage)
             ... on level 6 of the Dungeon.
             The game lasted 00:07:47 (4051 turns).

robertstho the Spear-Bearer (Merfolk Berserker)     Turns: 4051, Time: 00:07:48

Health: -4/64      AC: 11    Str: 20    XL:     8   Next: 38%
Magic:  17/17      EV:  9    Int:  6    God:    Trog [***...]
Gold:   335        SH:  0    Dex: 15    Spells: 7/7 levels left

rFire    . . .     SeeInvis .   n - +1 halberd (flame)
rCold    . . .     Gourm    .   (shield currently unavailable)
rNeg     . . .     Faith    .   l - +0 plate armour
rPois    .         Spirit   .   (no helmet)
rElec    .         Reflect  .   (no cloak)
rCorr    .         Harm     .   (no gloves)
MR       +....     Clarity  +   (no boots)
Stlth    ..........             (no amulet)
HPRegen  0.20/turn              h - ring of magical power
MPRegen  0.15/turn              q - ring of protection from magic

@: berserk cooldown, slowed, very slow
A: change form in water, swift swim, stealthy swim, agile 1, clarity, subdued
magic 1, MP-powered wands
a: Berserk, Trog's Hand, Renounce Religion


You were on level 6 of the Dungeon.
You worshipped Trog.
Trog was most pleased with you.
You were hungry.

You visited 1 branch of the dungeon, and saw 6 of its levels.

You collected 335 gold pieces.

Inventory:

Hand Weapons
 a - a +0 spear
 n - a +1 halberd of flaming (weapon)
Missiles
 t - 3 poisoned darts (quivered)
Armour
 l - a +0 plate armour (worn)
Jewellery
 d - an uncursed amulet of faith {unknown}
 h - a ring of magical power (left hand)
 q - a ring of protection from magic (right hand)
 v - an uncursed ring of wizardry {unknown}
Wands
 b - a wand of random effects (18)
Scrolls
 e - a scroll of enchant weapon
 f - 3 scrolls of remove curse
 g - 7 scrolls of identify
 p - 2 scrolls of fog
 s - a scroll of random uselessness {unknown}
 w - a scroll of fear
 x - a scroll of vulnerability {unknown}
Potions
 i - a potion of magic {unknown}
 j - 3 potions of curing {unknown}
 k - a potion of invisibility
 o - a potion of resistance {unknown}
 r - a potion of haste
 u - a potion of stabbing
Comestibles
 c - 8 rations
 m - 3 chunks of flesh


   Skills:
 * Level 6.0 Fighting
 + Level 9.0 Polearms
 * Level 3.9 Armour
 * Level 5.9 Dodging
 + Level 1.2 Stealth


You had 7 spell levels left.
You didn't know any spells.
Your spell library was empty.

Dungeon Overview and Level Annotations

Branches:
Dungeon (6/15)             Temple (0/1) D:5

Altars:
Dithmenos
Sif Muna
Xom


Innate Abilities, Weirdness & Mutations

You revert to your normal form in water.
You are very nimble and swift while swimming.
You are very stealthy in the water. (Stealth+)
You are agile. (Dex +2)
You possess an exceptional clarity of mind.
Your spells are a little easier to cast, but a little less powerful.
You expend magic power (3 MP) to strengthen your wands.


Message History

The wyvern zombie bites you but does no damage.
The wyvern zombie bites you. The wyvern zombie barely misses you.
You hit the wyvern zombie. You burn the wyvern zombie.
The wyvern zombie is lightly damaged.
The wyvern zombie bites you!
* * * LOW HITPOINT WARNING * * *
The wyvern zombie bites you.
* * * LOW HITPOINT WARNING * * *
Your plate armour prevents you from hitting the wyvern zombie.
The wyvern zombie is lightly damaged.
The wyvern zombie bites you but does no damage. x2
You puncture the wyvern zombie! You burn the wyvern zombie.
The wyvern zombie is heavily damaged.
The wyvern zombie bites you but does no damage.
The wyvern zombie bites you.
* * * LOW HITPOINT WARNING * * *
You puncture the wyvern zombie! You burn the wyvern zombie.
The wyvern zombie is severely damaged.
The wyvern zombie bites you!
You die...

###.######## #.
#......... #.
#.#######.###.#
### #.
#.........#
#...#. ####...###
#.#.#.#######.#.#
#.8.............#
#....Z#######.###
#...8@†).....#
#..88#######.#
##### ###


You could see a wyvern zombie.

Vanquished Creatures
  Grinder (D:3)
  A phantom (D:6)
  A centaur (D:5)
  The ghost of meatpath the Grave Robber, a weakling HONe (D:3)
  2 crimson imps
  A bullfrog zombie (D:6)
  2 bullfrog skeletons (D:5)
  3 orc priests
  A centaur skeleton (D:5)
  2 orc wizards (D:5)
  Ijyb (D:5)
  5 worker ants
  A hound skeleton (D:3)
  A hound zombie (D:6)
  A mummy (D:3)
  A worker ant zombie (D:5)
  4 gnolls (D:5)
  4 adders
  A howler monkey skeleton (D:3)
  3 shadow imps
  An adder zombie (D:5)
  4 worms
  3 dart slugs
  3 leopard geckos
  9 orcs
  2 giant cockroaches (D:2)
  11 goblins
  4 hobgoblins
  8 jackals
  7 kobolds
  3 quokkas
  3 ball pythons
  4 bats
  5 frilled lizards
  A giant cockroach zombie (D:6)
  A jackal skeleton (D:5)
  A quokka zombie (D:6)
  8 rats
115 creatures vanquished.

Vanquished Creatures (others)
  5 dream sheep (D:4)
  A worker ant (D:4)
  A worm (D:4)
  A jackal (D:4)
  A withered plant (D:6)
9 creatures vanquished.

Grand Total: 124 creatures vanquished

Notes
Turn   | Place    | Note
-------+----------+-------------------------------------------
     0 | D:1      | robertstho the Merfolk Berserker began the quest for the
                  | Orb.
     0 | D:1      | Reached XP level 1. HP: 18/18 MP: 1/1
    57 | D:1      | Reached XP level 2. HP: 16/24 MP: 2/2
   625 | D:1      | You fall into a shaft and drop 1 floor!
   673 | D:2      | Reached skill level 5 in Polearms
   673 | D:2      | Reached XP level 3. HP: 12/30 MP: 3/3
   684 | D:2      | Gained mutation: You are agile. (Dex +2) [potion of
                  | mutation]
   684 | D:2      | Gained mutation: Your spells are a little easier to cast,
                  | but a little less powerful. [potion of mutation]
   684 | D:2      | Gained mutation: You possess an exceptional clarity of
                  | mind. [potion of mutation]
   684 | D:2      | Gained mutation: You expend magic power (3 MP) to
                  | strengthen your wands. [potion of mutation]
   687 | D:2      | Reached ** piety under Trog
   996 | D:2      | Reached XP level 4. HP: 37/37 MP: 4/4
  1431 | D:3      | Found a shadowy altar of Dithmenos.
  1437 | D:3      | Found a shimmering blue altar of Sif Muna.
  1498 | D:3      | Noticed Grinder
  1632 | D:3      | Paralysed by Grinder for 3 turns
  1637 | D:3      | Killed Grinder
  1637 | D:3      | Reached skill level 6 in Polearms
  1637 | D:3      | Reached XP level 5. HP: 2/43 MP: 5/5
  1637 | D:3      | Reached XP level 6. HP: 3/50 MP: 6/6
  1940 | D:3      | Found a transporter.
  1940 | D:3      | Noticed meatpath's ghost (weakling HONe)
  1946 | D:3      | Found a transporter.
  2626 | D:4      | Noticed a dream sheep
  2626 | D:4      | Noticed a dream sheep
  2626 | D:4      | Noticed a dream sheep
  2626 | D:4      | Noticed a dream sheep
  2626 | D:4      | Noticed a dream sheep
  2626 | D:4      | Found a shimmering altar of Xom.
  2630 | D:4      | Killed a dream sheep
  2630 | D:4      | Killed a dream sheep
  2631 | D:4      | Killed a dream sheep
  2632 | D:4      | Killed a dream sheep
  2634 | D:4      | Killed a dream sheep
  2689 | D:3      | Killed meatpath's ghost
  2689 | D:3      | Reached skill level 7 in Polearms
  2692 | D:3      | Reached skill level 1 in Stealth
  2968 | D:4      | Reached XP level 7. HP: 42/55 MP: 7/7
  3180 | D:5      | Entered Level 5 of the Dungeon
  3194 | D:5      | Reached *** piety under Trog
  3197 | D:5      | Reached skill level 5 in Fighting
  3254 | D:5      | Found a staircase to the Ecumenical Temple.
  3411 | D:5      | Noticed Ijyb
  3415 | D:5      | Killed Ijyb
  3423 | D:5      | Reached skill level 5 in Dodging
  3479 | D:5      | Reached skill level 8 in Polearms
  3689 | D:5      | Reached XP level 8. HP: 54/63 MP: 8/8
  4046 | D:6      | Reached skill level 9 in Polearms
  4050 | D:6      | HP: 3/64 [wyvern zombie (5)]
  4051 | D:6      | Slain by a wyvern zombie

Levels and vault maps discovered:
D:1:      psy_arrival_spokes, layout_rooms
D:2:      layout_basic, minmay_quantized
D:3:      layout_loops_ring, minitemple, gammafunk_ghost_mausoleum,
          kennysheep_big_empty_room, mrwooster_statue_mirror, minivault_24,
          uniq_grinder
D:4:      layout_loops_ring, chequers_arboretum, kb_xom_exploding_sheep
D:5:      minmay_chambers_of_threes, layout_cave_pools,
          minmay_temple_entry_grid, first_ration, uniq_ijyb
D:6:      layout_basic, kennysheep_little_box, overflow_temple_1_default,
          basic_altar, serial_undead, serial_undead_c, serial_undead_a,
          serial_undead_a, serial_undead_d, serial_undead_b, serial_undead_c,
          supply_closet_lemuel

Skill      XL: |  1  2  3  4  5  6  7  8 |
---------------+-------------------------+-----
Polearms       | 5 6 7 8 9 |  9.0
Dodging        | 3 4 5 |  5.9
Fighting       | 4 5 6 |  6.0
Armour         | 2 3 |  3.9
Stealth        | 1 |  1.2

Action                   |  1- 3 |  4- 6 |  7- 9 || total
-------------------------+-------+-------+-------++-------
Melee: Spear             |    83 |   233 |    27 ||   343
       Halberd           |       |       |   151 ||   151
Invok: Berserk           |     2 |     3 |     2 ||     7
       Trog's Hand       |       |     3 |       ||     3
  Use: Scroll            |     4 |     6 |       ||    10
       Potion            |     3 |     5 |       ||     8
  Eat: Chunk             |     2 |     7 |     5 ||    14
       Ration            |       |     1 |       ||     1
Armor: Animal skin       |    17 |       |       ||    17
       Chain mail        |     1 |    51 |       ||    52
       Skin              |       |     8 |       ||     8
       Plate armour      |       |    16 |    82 ||    98
Dodge: Dodged            |    56 |    74 |    57 ||   187

Table legend:
 A = Non-vault XP
 B = Vault XP
 C = Vault XP percentage of total XP
 D = Non-vault monster count
 E = Vault monster count
 F = Vault count percentage of total count
                 A         B        C        D         E       F
            +---------+---------+-------+---------+---------+-------
      Total |     874 |     771 |  46.9 |      91 |      24 |  20.9
            +---------+---------+-------+---------+---------+-------
        D:1 |      27 |       0 |   0.0 |      14 |       0 |   0.0
        D:2 |      32 |      42 |  56.8 |      17 |       5 |  22.7
        D:3 |      28 |     392 |  93.3 |      17 |       5 |  22.7
        D:4 |     106 |       0 |   0.0 |      12 |       0 |   0.0
        D:5 |     344 |     269 |  43.9 |      20 |      11 |  35.5
        D:6 |     337 |      68 |  16.8 |      11 |       3 |  21.4
            +---------+---------+-------+---------+---------+-------
